 Dungeon Crawl Stone Soup version 0.30.1-3-gfc49f6343a (webtiles) character file.

Game seed: 5696411583021335956

371869 tizbic2 the Slayer (level 22, -5/275 HPs)
             Began as an Ogre Fighter on July 25, 2023.
             Was a High Priest of Ashenzari.
             Killed from afar by a frost giant (40 damage)
             ... with a bolt of cold
             ... on level 5 of the Vaults.
             The game lasted 04:13:36 (48519 turns).

tizbic2 the Slayer (Ogre Fighter)                  Turns: 48519, Time: 04:13:36

Health: -5/275     AC: 28    Str: 30    XL:     22   Next: 68%
Magic:  0/53       EV: 10    Int: 13    God:    Ashenzari [*****.]
Gold:   1825       SH: 19    Dex:  8    Spells: 21/58 levels left

rFire   + + +        q - +3 demon whip "Circumscribed Pessimism" {elec, Comp, Fort} (curse)
rCold   . . .        B - +5 kite shield of Curses and Power {AC+3, Range, Melee} (curse)
rNeg    + . .        H - +8 fire dragon scales "Disgust of Ashenzari" {rF++ rC-, Self, Fort} (curse)
rPois   .            Q - +2 hat "Share My Embarrassment" {Will+, Self, Alch} (curse)
rElec   .            G - scarf of Ashenzari's Seeker {repulsion, Comp, Melee} (curse)
rCorr   +            (gloves unavailable)
SInv    +            (boots unavailable)
Will    ++...        j - amulet "Overhang to Understand" {Spirit, Range, Alch} (curse) Stlth
                     o - ring "Ulu Ara" {rF+ Will+}
HPRegen 0.65/turn    b - ring of Supernal Knowledge {rC+ rN+ rCorr MP+9, Self, Fort} (curse)
MPRegen 0.33/turn

%: repel missiles, clarity, guardian spirit
@: weak-willed, studying 2 skills, invisible (expiring)
A: large, unfitting armour, tough skin 1, talons 1, clarity, strong-willed 1,
shaggy fur 1, sturdy frame 1
}: 2/15 runes: serpentine, barnacled
a: Renounce Religion, Shatter the Chains


You were on level 5 of the Vaults.
You worshipped Ashenzari.
Ashenzari was extremely pleased with you.
You visited 7 branches of the dungeon, and saw 38 of its levels.
You also visited: Ossuary and Ice Cave.

You collected 6427 gold pieces.
You spent 4602 gold pieces at shops.

Inventory:

Hand Weapons
 q - the cursed +3 demon whip "Circumscribed Pessimism" (weapon) {elec, Comp, Fort}
   (You found it on level 3 of the Dungeon)

   It has a curse which improves the following skills: Companions: Summonings
   and Necromancy.
   Fortitude: Armour and Shields.
Missiles
 c - 8 throwing nets
 e - 8 silver boomerangs
 v - 12 javelins
 w - 61 poisoned darts
 A - 37 boomerangs (quivered)
 C - 3 silver javelins
 U - 39 large rocks
 W - 19 atropa-tipped darts
 X - 9 boomerangs of dispersal
 Y - 14 curare-tipped darts
Armour
 B - the cursed +5 kite shield of Curses and Power (worn) {AC+3, Range, Melee}
   (You bought it in a shop on level 2 of the Dungeon)

   It has a curse which improves the following skills: Ranged Combat: Ranged
   Weapons and Throwing.
   Melee Combat: Short Blades, Long Blades, Axes, Maces & Flails, Polearms,
   Staves and Unarmed Combat.
 G - the cursed scarf of Ashenzari's Seeker (worn) {repulsion, Comp, Melee}
   (You found it on level 6 of the Dungeon)

   It has a curse which improves the following skills: Companions: Summonings
   and Necromancy.
   Melee Combat: Short Blades, Long Blades, Axes, Maces & Flails, Polearms,
   Staves and Unarmed Combat.
 H - the cursed +8 fire dragon scales "Disgust of Ashenzari" (worn) {rF++ rC-, Self, Fort}
   (You found it on level 15 of the Dungeon)

   rF:        It greatly protects you from fire.
   rC:        It makes you vulnerable to cold.
   It has a curse which improves the following skills: Introspection: Fighting
   and Spellcasting.
   Fortitude: Armour and Shields.
 Q - the cursed +2 hat "Share My Embarrassment" (worn) {Will+, Self, Alch}
   (You took it off Gastronok on level 9 of the Dungeon)

   It has a curse which improves the following skills: Introspection: Fighting
   and Spellcasting.
   Alchemy:   Poison Magic and Transmutations.
Jewellery
 b - the cursed ring of Supernal Knowledge (right hand) {rC+ rN+ rCorr MP+9, Self, Fort}
   (You bought it in a shop on level 2 of the Orcish Mines)

   [ring of resist corrosion]

   rC:        It protects you from cold.
   rN:        It protects you from negative energy.
   MP:        It affects your magic capacity (+9).
   rCorr:     It protects you from acid and corrosion.
   It has a curse which improves the following skills: Introspection: Fighting
   and Spellcasting.
   Fortitude: Armour and Shields.
 j - the cursed amulet "Overhang to Understand" (around neck) {Spirit, Range, Alch}
   (You found it on level 1 of the Dungeon)

   [amulet of guardian spirit]

   It causes incoming damage to be divided between your reserves of health and
   magic.
   It has a curse which improves the following skills: Ranged Combat: Ranged
   Weapons and Throwing.
   Alchemy:   Poison Magic and Transmutations.
 o - the ring "Ulu Ara" (left hand) {rF+ Will+}
   (You found it on level 4 of the Vaults)

   [ring of protection from fire]

   rF:        It protects you from fire.
   Will:      It increases your willpower.
 S - a ring of protection from cold
Wands
 d - a wand of roots (40)
 h - a wand of mindburst (42)
 n - a wand of paralysis (56)
 x - a wand of digging (22)
 O - a wand of polymorph (48)
Scrolls
 a - a scroll of enchant armour
 g - 18 scrolls of teleportation
 p - 5 scrolls of vulnerability
 r - 2 scrolls of silence
 s - 7 scrolls of poison
 u - 7 scrolls of torment
 y - 7 scrolls of fog
 F - a scroll of blinking
 I - 4 scrolls of enchant weapon
 J - 8 scrolls of magic mapping
 N - 7 scrolls of fear
 V - 2 scrolls of summoning
Potions
 f - 8 potions of cancellation
 i - 17 potions of curing
 k - 3 potions of ambrosia
 l - 3 potions of resistance
 m - 10 potions of brilliance
 t - 6 potions of lignification
 z - 8 potions of attraction
 D - 4 potions of invisibility
 E - 5 potions of mutation
 K - 2 potions of berserk rage
 L - a potion of might
 M - a potion of magic
 P - 6 potions of flight
Miscellaneous
 R - a phantom mirror (inert)


   Skills:
 - Level 24.0(27) Fighting
 - Level 9.7(12.9) Maces & Flails
 - Level 10.5(13.6) Throwing
 + Level 12.2(16.3) Armour
 - Level 7.8 Dodging
 + Level 15.9(19.9) Shields
 - Level 2.6(5.2) Unarmed Combat
 + Level 14.6(18.7) Spellcasting
 * Level 5.9 Conjurations
 + Level 15.3(18.3) Summonings
 - Level 2.0(4.3) Necromancy
 * Level 7.5 Ice Magic
 * Level 5.8 Air Magic
 - Level 4.9(8.0) Poison Magic


You had 21 spell levels left.
You knew the following spells:

 Your Spells              Type           Power      Damage    Failure   Level
a - Olgreb's Toxic Radia  Pois           32%        N/A       3%          4
b - Wereblood             Tmut           13%        N/A       11%         2
c - Summon Forest         Summ/Tloc      18%        N/A       5%          5
d - Summon Hydra          Summ           28%        N/A       3%          7
e - Animate Armour        Summ/Erth      72%        N/A       1%          4
f - Summon Cactus Giant   Summ           28%        N/A       1%          6
g - Summon Mana Viper     Hex/Summ       36%        N/A       5%          5
h - Summon Lightning Spi  Summ/Air       43%        N/A       1%          4

Your spell library contained the following spells:

 Spells                   Type           Power      Damage    Failure   Level
 Summon Small Mammal      Summ           100%       N/A       0%          1
 Call Imp                 Summ           100%       N/A       0%          2
 Freeze                   Ice            100%       1d10      1%          1
 Kiss of Death            Conj/Necr      100%       2d13      1%          1
 Shock                    Conj/Air       100%       1d9       1%          1
 Poisonous Vapours        Pois/Air       60%        N/A       1%          2
 Static Discharge         Conj/Air       54%        2-5/arc   1%          2
 Sublimation of Blood     Necr           23%        N/A       1%          2
 Hailstorm                Conj/Ice       29%        3d8       1%          3
 Swiftness                Air            27%        N/A       2%          3
 Momentum Strike          Conj/Tloc      38%        3d9       3%          2
 Spider Form              Tmut/Pois      23%        N/A       4%          3
 Beastly Appendage        Tmut           26%        N/A       7%          1
 Stone Arrow              Conj/Erth      38%        3d9       8%          3
 Airstrike                Air            13%        2d(2-18)  8%          4
 Apportation              Tloc           24%        N/A       9%          1
 Blink                    Tloc           24%        N/A       12%         2
 Lesser Beckoning         Tloc           24%        N/A       12%         2
 Animate Dead             Necr           23%        N/A       14%         4
 Dispel Undead            Necr           23%        3d12      14%         4
 Ice Form                 Ice/Tmut       22%        N/A       16%         4
 Freezing Cloud           Conj/Ice/Air   14%        6-21      16%         5
 Iskenderun's Battlesphe  Conj           27%        2d8       21%         5
 Confusing Touch          Hex            12%        N/A       24%         3
 Gell's Gravitas          Tloc           12%        N/A       24%         3
 Inner Flame              Hex/Fire       12%        N/A       24%         3
 Teleport Other           Tloc           12%        N/A       24%         3
 Flame Wave               Conj/Fire      19%        2d7       24%         4
 Sticky Flame             Conj/Fire      19%        2d4       24%         4
 Summon Horrible Things   Summ           28%        N/A       28%         8
 Alistair's Intoxication  Tmut/Pois      15%        N/A       38%         5
 Metabolic Englaciation   Hex/Ice        11%        N/A       43%         5
 Spellforged Servitor     Conj/Summ      21%        N/A       43%         7
 Irradiate                Conj/Tmut      10%        3d15      52%         5
 Fireball                 Conj/Fire      9%         3d6       56%         5
 Petrify                  Tmut/Erth      12%        N/A       58%         4
 Leda's Liquefaction      Hex/Erth       6%         N/A       63%         4
 Manifold Assault         Tloc           12%        N/A       63%         4
 Borgnjor's Vile Clutch   Necr/Erth      8%         N/A       67%         5
 Conjure Ball Lightning   Conj/Air       13%        3x3d6     75%         6
 Blade Hands              Tmut           6%         N/A       88%         5
 Death Channel            Necr           11%        N/A       91%         6
 Lee's Rapid Deconstruct  Erth           6%         3d6*      92%         5
 Eringya's Noxious Bog    Tmut/Pois      11%        N/A       92%         6
 Iron Shot                Conj/Erth      9%         9d3       98%         6
 Orb of Destruction       Conj           13%        9d7       99%         7
 Dragon's Call            Summ           28%        N/A       99%         9
 Dispersal                Tloc           6%         N/A       100%        6
 Statue Form              Tmut/Erth      8%         N/A       100%        6
 Dragon Form              Tmut           6%         N/A       100%        7
 Storm Form               Tmut/Air       10%        N/A       100%        7
 Discord                  Hex            6%         N/A       100%        8
 Disjunction              Tloc           6%         N/A       100%        8
 Ignition                 Fire           6%         3d4       100%        8
 Lehudib's Crystal Spear  Conj/Erth      9%         10d4      100%        8
 Maxwell's Capacitive Co  Air            13%        โˆž       100%        8


Dungeon Overview and Level Annotations

Branches:
Dungeon (15/15)            Temple (0/1) D:6            Lair (5/5) D:9
 Shoals (4/4) Lair:2        Snake (4/4) Lair:3        Slime (0/5) Lair:4
    Orc (2/2) D:11            Elf (3/3) Orc:2        Vaults (4/5) D:14
  Crypt (0/3) Vaults:2     Depths (0/4) D:15        Ossuary (visited)
  IceCv (visited)

Altars:
Ashenzari
Fedhas
Kikubaaqudgha
Makhleb
Qazlal
Ru
Sif Muna
Uskayaw
Xom
Yredelemnul
Zin
Jiyva

Shops:
D:2 [   D:7 ?   D:12 *   Orc:2 *=[(:   Shoals:2 *(   Snake:3 (?   Vaults:2 (
Vaults:3 ?   Vaults:4 (

Portals:
Trove: D:14 (give +6 demon whip)

Annotations:
D:11 2 transporters, Gadrel's ghost, journeyman TeWr
Lair:4 1 runed translucent door
Shoals:4 Bai Suzhen


Innate Abilities, Weirdness & Mutations

You are too large for most types of armour.
You have tough skin. (AC +1)
You have sharp toenails.
You possess an exceptional clarity of mind.
You are strong-willed. (Will+)
You are covered in fur. (AC +1)
Your movements are slightly less encumbered by armour. (ER -2)


Message History

Your cactus giant is destroyed!
Your cactus giant disappears in a puff of smoke!
The deep elf death mage beckons forth a restless soul!
The deep troll earth mage points next to you and mumbles some strange words.
The metal wall shatters!
The blast of metal fragments hits you but does no damage.
The phantasmal warrior gestures at you.
The phantasmal warrior blinks!
You hear a shout!
The deep elf death mage attacks as you move away!
You block the deep elf death mage's attack.
Found a scroll of enchant weapon.
The phantasmal warrior gestures at you.
The phantasmal warrior blinks!
The phantasmal warrior attacks as you move away!
You block the phantasmal warrior's attack.
The phantasmal warrior attacks as you move away!
You block the phantasmal warrior's attack.
Found the +10 Black Knight's barding {ponderous, rPois rN+}.
The ironbound convoker gestures at the phantasmal warrior while chanting.
The phantasmal warrior seems to grow stronger.
You see here a scroll of enchant weapon.
Found a +0 plate armour.
Press: ? - help, v - describe, . - travel, g - get item Item here: the +10 Black Knight's barding {ponderous, rPois rN+}.
The floor.
A tengu reaver comes into view.
It is wielding a +2 halberd of flaming and wearing a +2 ring mail of fire resistance.
You flicker for a moment.
The tengu reaver shouts!
The frost giant casts a spell at you.
The bolt of cold hits you but does no damage.
You see here the +10 Black Knight's barding {ponderous, rPois rN+}.
The frost giant casts a spell at you. The bolt of cold hits you!!
* * * LOW HITPOINT WARNING * * *
Casting: Summon Cactus Giant (mildly dangerous; 1% risk of failure)
Confirm with . or Enter, or press ? or * to list all spells.
The frost giant gestures at you while chanting.
The bolt of cold hits you!!!
You die...

, ##.#.{{#.###.#C..#
#....#
,#.{.#{###.#.!.#.##*
,,, ** ,*
.?.#{###{#{..#Q###.# *
, # *##{#{{.#{###C#.!.#
, *,,, *
#...#.###.#{..#.##*, ,,
,,
..#.###{#{{.#.###.##, ,
,,, , ,
*##.#.ยง{#{###.#C$.#,,,
* * * *
,#D{{#.###.#.[.#.#
#.$.#{###.#.e{#@## ,
,,* ).#.###{#.[.#.###.#
, , ,,* ,*##
*...#.###.* [.# *, *,,
, ,โˆ†,#.###. ..*.## *
,,** , ,โˆ†, ,* #.* $
.###. , * * , *, ,.,*.#
#.*,., , ** , *,,,*, .
*.# * ,,, * , * * * .#
#. , ,,, ***** * * ,,,
,, ,***


You could see a frost giant (ally target), a tengu reaver and a friendly cactus
giant (summoned).

Vanquished Creatures
  Saint Roka (Orc:2)
  Jorgrun (D:14)
  A titan (Vaults:5)
  A deep elf blademaster (Elf:2)
  2 deep elf master archers (Elf:3)
  Gastronok (D:9)
  2 tengu reavers
  2 sphinxes (Vaults:4)
  A shadow dragon (Vaults:4)
  A fire giant (Vaults:2)
  2 nagarajas
  The ghost of Xefejyw the Bludgeoner, a journeyman AtFi of Cheibriados (Orc:1)
  3 frost giants
  5 deep elf sorcerers
  12 vault wardens
  A ghost moth (Vaults:4)
  An orc warlord (Orc:2)
  17 ironbound preservers
  A deep elf elementalist (Elf:3)
  An ironbound thunderhulk (Vaults:1)
  5 very ugly things
  A stone giant (Vaults:4)
  9 deep elf demonologists
  4 deep elf annihilators
  The ghost of Gadrel the Skirmisher, a journeyman AtHu of Gozag (Lair:4)
  7 dire elephants
  Josephine (D:10)
  A fire dragon (D:15)
  4 merfolk javelineers
  2 ettins (Vaults:4)
  2 deep elf death magi
  An entropy weaver (Vaults:3)
  8 merfolk impalers
  2 deep elf high priests
  4 great orbs of eyes
  10 yaktaur captains
  2 salamander tyrants
  22 vault guards
  5 hydras
  3 catoblepae
  A peacekeeper (Vaults:3)
  8 centaur warriors
  4 alligator snapping turtles
  3 merfolk avatars
  2 ogre magi
  4 ironbound frosthearts
  18 death yaks
  2 death knights (Vaults:2)
  A boulder beetle (D:14)
  16 dancing weapons
  2 satyrs
  4 anacondas
  7 naga warriors
  8 two-headed ogres
  7 merfolk aquamancers
  5 shock serpents
  An orc high priest (Elf:1)
  Sonja (Orc:1)
  2 hell knights
  A spectral dire elephant (Lair:5)
  6 naga sharpshooters
  15 deep elf knights
  5 skysharks
  A skyshark (shapeshifter) (Vaults:4)
  A spectral anaconda (Lair:5)
  A glowing orange brain (Vaults:4)
  31 deep trolls
  14 sea snakes
  An obsidian statue (Lair:5)
  5 deep elf archers
  Pikel (D:9)
  3 phantasmal warriors
  3 naga ritualists
  4 wizards
  16 ironbound convokers
  6 necromancers
  13 lindwurms
  An orc knight (D:14)
  14 deep elf pyromancers
  29 deep elf zephyrmancers
  4 orc sorcerers
  An oklob plant (Lair:1)
  18 harpies
  A harpy (shapeshifter) (Vaults:2)
  7 salamanders
  3 ugly things
  9 cyclopes
  16 manticores
  6 fauns
  4 mana vipers
  Maurice (D:8)
  18 elephants (Lair:5)
  17 vault sentinels
  A human skeleton (Vaults:3)
  A dire elephant zombie (Lair:5)
  Joseph (D:8)
  3 water nymphs
  An ice statue (IceCv)
  7 merfolk sirens
  6 guardian serpents
  25 black mambas
  17 naga magi
  A torpor snail (Lair:5)
  13 nameless horrors
  A guardian serpent (shapeshifter) (Vaults:2)
  A torpor snail (shapeshifter) (Elf:2)
  11 cane toads
  A gargoyle (D:11)
  Psyche (D:8)
  An efreet (D:15)
  A yaktaur (shapeshifter) (Elf:3)
  Maggie (D:8)
  2 freezing wraiths
  6 komodo dragons
  4 kobold demonologists
  17 yaktaurs
  8 rime drakes
  9 trolls
  3 meliai (D:13)
  A hornet (D:7)
  28 merfolk
  5 polar bears
  6 wind drakes
  17 dream sheep
  14 blink frogs
  10 snapping turtles
  A centaur simulacrum (D:14)
  21 slime creatures
  2 air elementals (Elf:1)
  9 water elementals
  2 wyverns
  A vampire (D:11)
  11 wraiths
  104 yaks
  A fire elemental (Elf:3)
  A hog (shapeshifter) (D:13)
  A dire elephant simulacrum (Lair:5)
  6 vampire mosquitoes
  3 basilisks
  3 steam dragons
  37 nagas
  2 wargs
  Grum (D:7)
  2 acid dragons
  11 water moccasins
  An ogre skeleton (Vaults:3)
  A swamp drake (shapeshifter) (D:14)
  46 orc warriors
  A sky beast (D:7)
  A black bear (D:6)
  4 ice beasts
  A boggart (Elf:1)
  15 ogres
  25 wolves
  2 phantoms
  4 centaurs
  A lemure (D:9)
  10 bullfrogs
  2 kobold brigands
  3 earth elementals
  3 gnoll sergeants
  An ogre simulacrum (Vaults:3)
  2 cane toad simulacra (Lair:5)
  2 scorpions
  13 wights
  4 howler monkeys
  3 vampire bats (D:5)
  A lava snake (D:13)
  4 jellies
  21 orc priests
  A gnoll bouda (D:6)
  5 hounds
  4 iguanas
  2 sleepcaps
  Ijyb (D:4)
  36 orc wizards
  A mummy (Ossuary)
  12 adders
  20 gnolls
  A shadow imp (D:6)
  5 white imps
  2 worms
  A dart slug (D:4)
  128 orcs
  4 bat skeletons (D:5)
  3 bat zombies (D:5)
  8 endoplasms
  3 giant cockroaches
  8 goblins
  7 hobgoblins
  3 jackals (D:3)
  12 kobolds
  A quokka (D:1)
  5 ball pythons
  4 bats
  5 frilled lizards
  7 gnoll skeletons (Ossuary)
  7 kobold skeletons (Ossuary)
  11 orc skeletons (Ossuary)
  4 rats
1448 creatures vanquished.

Vanquished Creatures (collateral kills)
  Boris (Vaults:4)
  A tentacled monstrosity (Vaults:4)
  2 deep elf blademasters (Elf:3)
  A quicksilver dragon (Vaults:4)
  A sphinx (Vaults:3)
  A storm dragon (Vaults:4)
  3 nagarajas (Snake:4)
  A fire giant (Vaults:3)
  A deep elf sorcerer (Elf:1)
  7 vault wardens
  A war gargoyle (Vaults:3)
  4 ironbound preservers
  2 ironbound thunderhulks (Vaults:3)
  A deep elf demonologist (Elf:2)
  A very ugly thing (Vaults:4)
  A dire elephant (Vaults:1)
  2 merfolk javelineers
  A merfolk impaler (Shoals:2)
  A crystal guardian (Vaults:3)
  2 yaktaur captains
  A great orb of eyes (Vaults:3)
  15 vault guards
  2 salamander tyrants (Snake:4)
  2 centaur warriors (Vaults:1)
  A two-headed ogre (Vaults:4)
  3 dancing weapons (Elf:2)
  A merfolk aquamancer (Shoals:3)
  5 naga sharpshooters
  4 naga warriors
  2 deep elf knights
  8 deep trolls
  A phantasmal warrior (Vaults:4)
  7 ironbound convokers
  3 lindwurms (Vaults:1)
  9 deep elf zephyrmancers
  A wizard (Elf:1)
  5 deep elf pyromancers
  13 harpies
  2 ugly things (Vaults:1)
  2 fauns (Shoals:2)
  2 salamanders (Snake:4)
  A human skeleton (Vaults:3)
  A merfolk siren (Shoals:2)
  6 vault sentinels
  5 black mambas
  A naga mage (Snake:4)
  A yaktaur (shapeshifter) (Vaults:2)
  2 yaktaurs (Vaults:2)
  8 merfolk
  5 dream sheep
  A snapping turtle (Shoals:2)
  5 slime creatures
  An air elemental (Elf:1)
  2 water elementals
  8 nagas
  2 ogres
173 creatures vanquished.

Vanquished Creatures (others)
  A frost giant (Shoals:4)
  Erica (D:8)
  An ironbound frostheart (Vaults:4)
  3 deep elf knights
  2 deep elf zephyrmancers (Elf:1)
  A cane toad (Lair:5)
  An ogre (Vaults:5)
  A scorpion (D:6)
  2 wights (D:6)
  A snaplasher vine (Shoals:4)
14 creatures vanquished.

Grand Total: 1635 creatures vanquished

Notes
Turn   | Place    | Note
-------+----------+-------------------------------------------
     0 | D:1      | tizbic2 the Ogre Fighter began the quest for the Orb.
     0 | D:1      | Reached XP level 1. HP: 24/24 MP: 1/1
   284 | D:1      | Reached XP level 2. HP: 30/32 MP: 2/2
   552 | D:1      | Reached XP level 3. HP: 33/39 MP: 3/3
   779 | D:2      | Reached skill level 1 in Throwing
   783 | D:2      | Found Emehunoll's Armour Shop.
  1503 | D:3      | Reached XP level 4. HP: 4/49 MP: 4/4
  1504 | D:3      | HP: 2/49 [poisoned by a kobold]
  1813 | D:3      | Reached skill level 1 in Maces & Flails
  1820 | D:3      | Reached XP level 5. HP: 53/55 MP: 3/5
  1932 | D:3      | Identified the +4 short sword "Hefee" {distort, rC+}
  2136 | D:4      | Noticed an ogre
  2145 | D:4      | Killed an ogre
  2146 | D:4      | Reached skill level 5 in Fighting
  2170 | D:4      | Reached XP level 6. HP: 66/66 MP: 6/6
  2373 | D:4      | Reached skill level 6 in Fighting
  2414 | D:4      | Noticed Ijyb
  2428 | D:4      | Killed Ijyb
  2522 | D:4      | Found a broken altar of Ashenzari.
  2531 | D:4      | Became a worshipper of Ashenzari the Shackled
  2560 | D:4      | Reached XP level 7. HP: 75/75 MP: 7/7
  3055 | D:5      | Entered Level 5 of the Dungeon
  3255 | D:5      | Reached skill level 5 in Maces & Flails
  3267 | D:5      | Reached skill level 7 in Fighting
  3454 | D:5      | Reached XP level 8. HP: 87/87 MP: 8/8
  3656 | D:2      | Bought a +2 kite shield of protection for 236 gold pieces
  3736 | D:5      | Reached * piety under Ashenzari
  3783 | D:5      | Found an ancient bone altar of Kikubaaqudgha.
  3834 | D:5      | Reached skill level 8 in Fighting
  4007 | D:6      | Identified a scroll of acquirement
  4050 | D:6      | Found a sand-covered staircase.
  4108 | D:6      | Reached skill level 9 in Fighting
  4108 | D:6      | Reached XP level 9. HP: 78/98 MP: 6/9
  4313 | Ossuary  | Entered an ossuary
  4333 | Ossuary  | Acquired 790 gold pieces
  4469 | Ossuary  | Reached ** piety under Ashenzari
  4591 | D:6      | Reached skill level 1 in Armour
  4614 | D:6      | Reached skill level 10 in Fighting
  4937 | D:6      | Found a staircase to the Ecumenical Temple.
  5261 | D:7      | Reached XP level 10. HP: 108/114 MP: 10/10
  5299 | D:7      | Reached *** piety under Ashenzari
  5368 | D:7      | Found a shimmering altar of Xom.
  5448 | D:7      | Found a shimmering blue altar of Sif Muna.
  5660 | D:7      | Identified the +3 robe of Mepa {rPois Dex+6}
  5876 | D:7      | Found Jielew's Magic Scroll Shoppe.
  5983 | D:8      | Found a flagged portal.
  5988 | D:8      | Noticed Maurice
  5989 | D:8      | Noticed Psyche
  6008 | D:8      | Noticed Grum
  6020 | D:7      | Killed Grum
  6382 | D:8      | Noticed Maggie
  6382 | D:8      | Noticed Erica
  6382 | D:8      | Noticed Joseph
  6382 | D:8      | Noticed a two-headed ogre
  6393 | D:8      | Reached skill level 11 in Fighting
  6402 | D:8      | Killed Erica
  6677 | D:7      | Reached skill level 5 in Shields
  6739 | D:8      | Killed Psyche
  6745 | D:8      | Killed a two-headed ogre
  6746 | D:8      | Reached skill level 5 in Throwing
  6746 | D:8      | Reached skill level 5 in Dodging
  6746 | D:8      | Reached XP level 11. HP: 91/124 MP: 9/11
  6774 | D:8      | Killed Joseph
  6779 | D:8      | Killed Maurice
  7074 | D:8      | Killed Maggie
  7143 | D:8      | Found a burning altar of Makhleb.
  7143 | D:8      | Found a sacrificial altar of Ru.
  7159 | D:8      | Found a blossoming altar of Fedhas.
  7246 | D:8      | Reached **** piety under Ashenzari
  7310 | D:9      | Noticed Pikel
  7330 | D:9      | Killed Pikel
  7361 | D:9      | Found a glowing silver altar of Zin.
  7361 | D:9      | Noticed an angel
  7389 | D:9      | Reached skill level 1 in Spellcasting
  7391 | D:9      | Found a hide-covered altar of Uskayaw.
  7491 | D:9      | Found a staircase to the Lair.
  7507 | D:9      | Reached skill level 1 in Necromancy
  7594 | D:9      | Noticed Gastronok
  7610 | D:9      | Killed Gastronok
  7782 | D:10     | Entered Level 10 of the Dungeon
  8028 | D:10     | Noticed Josephine
  8049 | D:10     | Killed Josephine
  8050 | D:10     | Reached skill level 12 in Fighting
  8053 | D:10     | Reached skill level 1 in Poison Magic
  8066 | D:10     | Reached XP level 12. HP: 104/140 MP: 15/19
  8400 | D:10     | Reached ***** piety under Ashenzari
  8951 | D:11     | Identified the +1 cloak "Tuph" {rElec}
  8979 | D:11     | Reached skill level 5 in Armour
  8986 | D:11     | Learned a level 4 spell: Olgreb's Toxic Radiance
  9023 | D:11     | Found a transporter.
  9033 | D:11     | Noticed Gadrel's ghost (journeyman TeWr)
  9200 | D:11     | Found a staircase to the Orcish Mines.
  9422 | D:11     | Found a transporter.
  9509 | D:11     | Gained mutation: You are weak. (Str -2) [potion of
                  | mutation]
  9509 | D:11     | Gained mutation: You occasionally shout uncontrollably at
                  | your foes. [potion of mutation]
  9509 | D:11     | Gained mutation: Your movements are slightly less
                  | encumbered by armour. (ER -2) [potion of mutation]
  9510 | D:11     | Lost mutation: You occasionally shout uncontrollably at
                  | your foes. [potion of mutation]
  9510 | D:11     | Lost mutation: You are weak. (Str -2) [potion of mutation]
  9510 | D:11     | Gained mutation: You are strong-willed. (Will+) [potion of
                  | mutation]
  9510 | D:11     | Gained mutation: You are covered in fur. (AC +1) [potion of
                  | mutation]
  9510 | D:11     | Gained mutation: You possess an exceptional clarity of
                  | mind. [potion of mutation]
  9510 | D:11     | Gained mutation: You have sharp toenails. [potion of
                  | mutation]
  9643 | D:12     | Noticed a two-headed ogre
  9649 | D:12     | Killed a two-headed ogre
 10068 | D:12     | Noticed a soul eater
 10125 | D:12     | Reached XP level 13. HP: 152/152 MP: 24/24
 10351 | D:12     | Learned a level 2 spell: Wereblood
 10353 | D:12     | Found Cihetze's Assorted Antiques.
 10717 | D:13     | Reached skill level 13 in Fighting
 10724 | D:13     | Reached skill level 5 in Spellcasting
 11254 | D:13     | Identified the +0 quarterstaff "Fulekea" {vamp, Will+ Int+4
                  | Dex+3 SInv}
 11430 | D:14     | Found a stormy altar of Qazlal.
 11448 | D:14     | Reached skill level 1 in Summonings
 11585 | D:14     | Found a gate to the Vaults.
 11585 | D:14     | Noticed a vault guard
 11585 | D:14     | Noticed a vault guard
 11585 | D:14     | Noticed a vault guard
 11585 | D:14     | Noticed a vault guard
 11601 | D:14     | Killed a vault guard
 11602 | D:14     | Killed a vault guard
 11614 | D:14     | Killed a vault guard
 11618 | D:14     | Killed a vault guard
 11652 | D:14     | Identified the cursed scarf of Ashenzari's Seeker
                  | {repulsion, Comp, Melee} (You found it on level 6 of the
                  | Dungeon)
 11652 | D:14     | Identified the cursed +2 hat "Share My Embarrassment"
                  | {Will+, Self, Alch} (You took it off Gastronok on level 9
                  | of the Dungeon)
 11740 | D:14     | Noticed Jorgrun
 11751 | D:14     | Killed Jorgrun
 12016 | D:14     | Found a portal to a secret trove of treasure.
 12058 | D:14     | Reached ****** piety under Ashenzari
 12354 | D:14     | Reached skill level 14 in Fighting
 12603 | D:15     | Entered Level 15 of the Dungeon
 12625 | D:15     | Noticed a fire dragon
 12635 | D:15     | Reached XP level 14. HP: 100/166 MP: 17/27
 13088 | Lair:1   | Entered Level 1 of the Lair of Beasts
 13332 | Lair:1   | Reached skill level 10 in Throwing
 13342 | Lair:1   | Found a basalt altar of Yredelemnul.
 14236 | Lair:2   | Found a staircase to the Shoals.
 14821 | Lair:3   | Found a staircase to the Snake Pit.
 15759 | D:12     | Bought a potion of curing for 66 gold pieces
 15759 | D:12     | Bought a potion of curing for 66 gold pieces
 15759 | D:12     | Bought a scroll of fear for 88 gold pieces
 16396 | Lair:4   | Reached skill level 5 in Summonings
 16491 | Lair:4   | Reached skill level 15 in Fighting
 16566 | Lair:4   | Found a runed translucent door.
 16567 | Lair:4   | Found a viscous altar of Jiyva.
 16568 | Lair:4   | Noticed an acid blob
 16570 | Lair:4   | Found a staircase to the Slime Pits.
 16570 | Lair:4   | Noticed an acid blob
 16806 | Lair:4   | Found a runed translucent door.
 16811 | Lair:4   | Noticed Gadrel's ghost (journeyman AtHu)
 16811 | Lair:4   | Identified the ring "Tuum" {rF- rC++ rN+ Str+2 Dex+6}
 16827 | Lair:4   | Killed Gadrel's ghost
 17049 | Lair:5   | Entered Level 5 of the Lair of Beasts
 17064 | Lair:5   | Reached skill level 10 in Shields
 17064 | Lair:5   | Reached XP level 15. HP: 128/179 MP: 18/29
 17937 | Lair:5   | Reached skill level 16 in Fighting
 19240 | Orc:1    | Entered Level 1 of the Orcish Mines
 19409 | Orc:1    | Noticed Sonja
 19422 | Orc:1    | Killed Sonja
 19433 | Orc:1    | Found a frozen archway.
 19462 | IceCv    | Entered an ice cave
 19809 | IceCv    | Noticed a frost giant
 19836 | IceCv    | Reached XP level 16. HP: 118/193 MP: 11/31
 20134 | IceCv    | Identified the Precepts of Rime
 20160 | IceCv    | Learned a level 5 spell: Summon Forest
 20285 | IceCv    | Reached skill level 17 in Fighting
 20512 | Orc:1    | Found a large runed translucent door.
 20512 | Orc:1    | Found a large runed translucent door.
 20512 | Orc:1    | Noticed Xefejyw's ghost (journeyman AtFi)
 20568 | Orc:1    | Killed Xefejyw's ghost
 20759 | Orc:2    | Entered Level 2 of the Orcish Mines
 20948 | Orc:2    | Noticed Saint Roka
 20950 | Orc:2    | Found a staircase to the Elven Halls.
 20994 | Orc:2    | Killed Saint Roka
 21384 | Orc:2    | Found Peikigh's General Store.
 21392 | Orc:2    | Bought 3 atropa-tipped darts for 45 gold pieces
 21516 | Orc:2    | Found Ypagi's Antique Weapon Shoppe.
 21621 | Orc:2    | Found Daovy's Antique Armour Emporium.
 21636 | Orc:2    | Bought a fine flail for 221 gold pieces
 21636 | Orc:2    | Identified the +6 flail of Destiny {antimagic, rElec Str+3
                  | SInv} (You bought it in a shop on level 2 of the Orcish
                  | Mines)
 21638 | Orc:2    | Bought a runed morningstar for 182 gold pieces
 21718 | Orc:2    | Learned a level 7 spell: Summon Hydra
 21778 | Orc:2    | Found Reos's Jewellery Shoppe.
 21781 | Orc:2    | Bought the ring "Wonkoel" {rC+ rN+ rCorr MP+9} for 685 gold
                  | pieces
 22024 | Orc:2    | Found Vumotiph's Book Shop.
 22419 | Snake:1  | Entered Level 1 of the Snake Pit
 23960 | Snake:2  | Noticed a nagaraja
 23972 | Snake:2  | Killed a nagaraja
 24359 | Snake:3  | Reached skill level 18 in Fighting
 24486 | Snake:3  | Found Tudos's Antique Weapon Shop.
 24866 | Snake:3  | Found Kilot's Magic Scroll Shop.
 24874 | Snake:3  | Bought a scroll of enchant armour for 150 gold pieces
 24874 | Snake:3  | Bought a scroll of enchant weapon for 150 gold pieces
 25247 | Snake:3  | Learned a level 4 spell: Animate Armour
 25897 | Snake:4  | Entered Level 4 of the Snake Pit
 25984 | Snake:4  | Reached XP level 17. HP: 208/208 MP: 34/34
 26273 | Snake:4  | Reached skill level 10 in Summonings
 26451 | Snake:4  | Reached skill level 10 in Spellcasting
 26471 | Snake:4  | Reached skill level 19 in Fighting
 26519 | Snake:4  | Got a serpentine rune of Zot
 28254 | Shoals:1 | Entered Level 1 of the Shoals
 28875 | Shoals:2 | Found Otem's General Store.
 28921 | Shoals:2 | Reached XP level 18. HP: 181/222 MP: 26/36
 29374 | Shoals:2 | Reached skill level 20 in Fighting
 31228 | Shoals:4 | Entered Level 4 of the Shoals
 31780 | Shoals:4 | Noticed Bai Suzhen
 31902 | Shoals:4 | Reached skill level 1 in Ice Magic
 32187 | Shoals:4 | Reached skill level 1 in Conjurations
 32199 | Shoals:4 | Reached skill level 1 in Air Magic
 32542 | Shoals:4 | Reached skill level 21 in Fighting
 32862 | Shoals:4 | Identified Aqihatze's Almanac of Generation
 32901 | Shoals:4 | HP: 5/226 [merfolk javelineer/javelin (14)]
 33569 | Shoals:4 | Reached XP level 19. HP: 234/234 MP: 38/38
 33624 | Shoals:4 | Got a barnacled rune of Zot
 33710 | Shoals:2 | Found Niwoisig's Weapon Boutique.
 34066 | Elf:1    | Entered Level 1 of the Elven Halls
 34086 | Elf:1    | Reached skill level 10 in Armour
 34574 | Elf:1    | Paralysed by an air elemental for 1 turns
 34713 | Elf:1    | Identified the +0 robe of the Great Game {Harm Will+ Regen+
                  | Dex-5}
 34812 | Elf:1    | Paralysed by an air elemental for 1 turns
 34842 | Elf:1    | Paralysed by an air elemental for 1 turns
 34848 | Elf:1    | Paralysed by an air elemental for 1 turns
 35144 | Elf:2    | Identified the +1 short sword "Fesm" {vamp, rPois rN+++
                  | Will+}
 35348 | Elf:2    | Found a crumbling gateway.
 35451 | Elf:2    | Noticed a Tzitzimitl
 35882 | Elf:2    | Learned a level 6 spell: Summon Cactus Giant
 35888 | Elf:2    | Learned a level 5 spell: Summon Mana Viper
 36022 | Elf:2    | Found a runed translucent gate.
 36023 | Elf:2    | Found a runed translucent gate.
 36023 | Elf:2    | Found a runed translucent gate.
 36940 | Elf:2    | Reached skill level 22 in Fighting
 37368 | Elf:3    | Entered Level 3 of the Elven Halls
 37687 | Elf:3    | Identified the +0 dagger "Wivielac" {drain, *Noise rElec
                  | Str+4}
 37924 | Elf:3    | Noticed a Hell Sentinel
 38036 | Elf:3    | Reached XP level 20. HP: 240/248 MP: 39/39
 38997 | Elf:3    | Identified the +0 troll leather armour "Vousic Wampu"
                  | {rPois Regen+}
 39007 | Elf:3    | Identified the staff of fire "Busiof" {Contam rElec rF+ rC-
                  | Str+2 Int+5}
 39012 | Elf:3    | Identified the +7 trident of Xaixel {drain, Will+ MP+9}
 39015 | Elf:3    | Identified the Anthology of Translocated Conduction
 39020 | Elf:3    | Identified the +6 ring mail "Beroi" {Will++ SInv}
 39037 | Elf:3    | Learned a level 4 spell: Summon Lightning Spire
 39037 | Elf:3    | Identified the +6 shortbow "Eraijybo" {drain, rC+ rN++
                  | Str-2 Int+3}
 39042 | Elf:3    | Identified the staff of poison "Sedieshiaci" {rPois Will+
                  | Int+5}
 39044 | Elf:3    | Identified Sif Muna's Atlas of the Limned Plateau
 39419 | Shoals:2 | Bought a phantom mirror for 520 gold pieces
 39799 | Snake:3  | Bought a scroll of fog for 80 gold pieces
 39799 | Snake:3  | Bought a scroll of blinking for 150 gold pieces
 39799 | Snake:3  | Bought a scroll of poison for 80 gold pieces
 39799 | Snake:3  | Bought a scroll of fear for 80 gold pieces
 40045 | Vaults:1 | Entered Level 1 of the Vaults
 40932 | Vaults:1 | Reached skill level 23 in Fighting
 42204 | Vaults:2 | Reached skill level 15 in Shields
 42232 | Vaults:2 | Reached XP level 21. HP: 191/265 MP: 18/43
 42348 | Vaults:2 | Found the +8 storm bow {elec, penet}
 42365 | Vaults:2 | Identified the +4 halberd of Pureupt {venom, rElec rC+
                  | rN++}
 42739 | Vaults:2 | Found a staircase to the Crypt.
 42755 | Vaults:2 | Found the +5 woodcutter's axe
 42909 | Vaults:2 | Found Zujunt's Antique Weapon Emporium.
 42917 | Vaults:2 | Bought a slimy battleaxe for 437 gold pieces
 42917 | Vaults:2 | Identified the +6 battleaxe of Generosity {heavy, rElec
                  | rPois Dex-3 SInv} (You bought it in a shop on level 2 of
                  | the Vaults)
 43595 | Vaults:3 | Identified the +4 great sword "Ejounagy" {heavy, Str+4}
 44362 | Vaults:3 | Reached skill level 5 in Ice Magic
 44530 | Vaults:3 | Reached skill level 24 in Fighting
 44698 | Vaults:3 | Found Fyskos's Magic Scroll Emporium.
 44710 | Vaults:3 | Bought a scroll of acquirement for 832 gold pieces
 44710 | Vaults:3 | Bought a scroll of enchant armour for 120 gold pieces
 44716 | Vaults:3 | Acquired 525 gold pieces
 44951 | Vaults:3 | Found the +8 longbow "Zephyr" {speed, Dex+3 SInv}
 45119 | Vaults:4 | Reached skill level 15 in Summonings
 45412 | Vaults:4 | Reached XP level 22. HP: 168/275 MP: 7/44
 46206 | Vaults:4 | Identified the ring "Ulu Ara" {rF+ Will+}
 46207 | Vaults:4 | Identified the +2 dire flail of Enaekh {flame, rElec rF+
                  | Will- Int+2}
 46248 | Vaults:4 | Found Gumaem's Antique Weapon Shoppe.
 46252 | Vaults:4 | Bought a twisted morningstar for 414 gold pieces
 46252 | Vaults:4 | Identified the +1 morningstar of Zotuurem {holy, *Corrode
                  | rPois Will+ MP+9} (You bought it in a shop on level 4 of
                  | the Vaults)
 46551 | Vaults:4 | Noticed Boris
 46576 | Vaults:4 | Killed Boris
 46663 | Vaults:4 | Reached skill level 5 in Conjurations
 46724 | Vaults:5 | Entered Level 5 of the Vaults
 46736 | Vaults:4 | Reached skill level 5 in Air Magic
 48240 | Vaults:5 | Noticed a golden dragon
 48514 | Vaults:5 | Found the +10 Black Knight's barding {ponderous, rPois rN+}
 48519 | Vaults:5 | Killed from afar by a frost giant

Illustrated notes

Levels and vault maps discovered:
D:1:      psy_arrival_dodecagon, layout_basic
D:2:      layout_basic, serial_shops, shop, serial_curves, eino_curves_03,
          eino_curves_04
D:3:      layout_rooms
D:4:      layout_loops_corners, nicolae_ashenzari_panopticon, uniq_ijyb
D:5:      layout_cave_pools, kennysheep_vampire_church,
          chequers_serial_rivers_micro_e, minmay_bent
D:6:      layout_rooms, lemuel_temple_firewalk_b, enter_ossuary_1,
          minmay_joined_circles
D:7:      layout_gridville, mainiacjoe_overflow_concentric_impassable,
          xom_teletrap_fun, serial_shops, shop_scrolls
D:8:      layout_basic, grunt_temple_overflow_open, enter_bailey_6, uniq_maggie,
          uniq_grum, uniq_maurice, uniq_erica, uniq_joseph, uniq_psyche
D:9:      layout_rooms, zin_angel, nicolae_uskayaw_dance_hall,
          david_lair_shrubbed, uniq_pikel, uniq_gastronok
D:10:     layout_grid_maze, uniq_josephine
D:11:     layout_irregular_city, hiddenorc2_lemuel, gammafunk_ghost_arena,
          kb_lookout_dungeons_type
D:12:     layout_long_grid, nicolae_take_the_stairs, evilmike_butchery
D:13:     layout_loops_corners, kennysheep_cluttered_room
D:14:     layout_basic, lightli_vaults_fourway_checkpoint,
          nicolae_trove_entry_crossroad, grunt_qazlal_clouds, uniq_jorgrun
D:15:     hangedman_depths_entry_try_elsewhere_first, layout_cross
Lair:1:   layout_cave_pods, lemuel_oklob_altar
Lair:2:   layout_roguey, minmay_shoals_entry_beasts, small_statue_intersection,
          evilmike_ambush [evilmike_ambush_outer_pillars,
          evilmike_ambush_inner_pond], grunt_megastairs_3, lemuel_fruit_tree
Lair:3:   layout_cellular_growth, dummy_snake_entry,
          nicolae_lair_grove_arrangements
Lair:4:   layout_regular_city, slime_entry_2, ebering_ghost_reflecting_pool,
          chequers_serial_rivers_micro_d, dreamdust_mushroom_princess,
          st_stairs_9, minivault_27, nicolae_lair_grazing_beasts
          [nicolae_sub_lair_graze_edge, nicolae_sub_lair_graze_edge,
          nicolae_sub_lair_graze_edge, nicolae_sub_lair_graze_edge]
Lair:5:   due_jungle_book, layout_concentric_octagons, minivault_23
Shoals:1: layout_shoals
Shoals:2: layout_shoals, serial_shops, nicolae_shop_tiny_glass, shop_fountains,
          st_sunken_huts
Shoals:3: layout_shoals, nicolae_shoals_hunting_party
Shoals:4: shoals_end_grunt_ice, layout_shoals, uniq_bai_suzhen
Snake:1:  layout_grid_maze
Snake:2:  layout_onion
Snake:3:  layout_chambers, serial_shops,
          nicolae_shop_competitors_out_of_business,
          nicolae_shop_just_a_little_nook, grunt_ministairs_14,
          grunt_megastairs_1
Snake:4:  minmay_snake_end_coiled, layout_onion, grunt_ministairs_1,
          nicolae_snake_omega
Orc:1:    layout_caves, ebering_ghost_disaster_area, portal_ice_cave_rime,
          nicolae_orc_lost_temple, uniq_sonja
Orc:2:    grunt_orc_community_town_hall, layout_caves,
          grunt_orc_community_big_house_1, grunt_orc_community_big_house_1,
          grunt_orc_community_house_3, grunt_orc_community_house_3,
          grunt_orc_community_house_3, grunt_orc_community_house_2,
          serial_shops, nicolae_shop_window_shopping, uniq_saint_roka
Elf:1:    nicolae_elf_arrival_no_cutting_in_line, layout_geoelf_grid,
          hangedman_elf_disciples, grunt_megastairs_4
Elf:2:    nicolae_elf_blades_crystal_corner, layout_rooms,
          portal_desolation_entry_nicolae_slug, drop_trap,
          ebering_dispersal_statue_hall, nrook_uturn, grunt_ministairs_13,
          palyth_stone_intersect, elves_outpost_lemuel
Elf:3:    elf_hall, layout_geoelf_octagon
Vaults:1: nicolae_vaults_wrenched, vaults_room_fancy_cross, vaults_room_corners,
          nicolae_vaults_little_squares_1, v_misc_33, hangedman_vaults_locks,
          ontoclasm_vaults_ring_small, nicolae_vaults_tetromino_Z_1,
          nicolae_vaults_tetromino_L_1, vaults_room_boxed,
          nicolae_vaults_tangram_1, hangedman_vaults_trim,
          ontoclasm_vaults_decontamination, layout_vaults_maze_snakey
Vaults:2: nicolae_vaults_swerve, v_alt_pattern_3,
          nicolae_vaults_doubleplus_tesselated, nicolae_vaults_network_star,
          blue_anna_dwarven_crypt, v_rooms_4, hangedman_vaults_river_flow,
          nicolae_vaults_rhombus_5, nicolae_vaults_twisting_passages,
          nicolae_vaults_triangles, minmay_guarded_unrand_secular_launcher,
          nicolae_vaults_little_squares_6, nicolae_vaults_diamond_1,
          nicolae_vaults_cochlea, layout_vaults_ring, serial_shops,
          nicolae_shop_just_a_little_nook
Vaults:3: v_pattern_2, nicolae_vaults_six-pack, nicolae_vaults_yaktaur_gun_rack,
          nicolae_vaults_closet_pinwheel_6, nicolae_vaults_network_periphery,
          st_diamondy, nicolae_vaults_double_plus_2,
          nicolae_vaults_little_squares_5, nicolae_vaults_trapezoid_2,
          layout_vaults_chaotic_city, serial_shops, nicolae_shop_window_shopping
Vaults:4: nicolae_vaults_tangram_1, vaults_dpeg_hooks, v_misc_9,
          nicolae_vaults_little_squares_1, dpeg_vaults_hating_casters,
          nicolae_vaults_diamond_1, nicolae_vaults_mitosis,
          nicolae_vaults_trapezoid_4, ontoclasm_vaults_twist, v_pattern_3,
          vaults_mumra_hex, ontoclasm_vaults_idyll,
          nicolae_vaults_windows_and_doors_thing,
          nicolae_vaults_network_quinsquares
          [nicolae_vaults_network_quincunx_subvault,
          nicolae_vaults_network_quincunx_subvault,
          nicolae_vaults_network_quincunx_subvault,
          nicolae_vaults_network_quincunx_subvault],
          nicolae_vaults_tetromino_T_1, nicolae_vaults_tetromino_T_1,
          layout_vaults_omnibox, serial_shops, shop_fountains, uniq_boris
Vaults:5: serial_shops

Skill      XL: |  1  2  3  4  5  6  7  8  9 10 11 12 13 14 15 16 17 18 19 20 21 22 |
---------------+-------------------------------------------------------------------+-----
Unarmed Combat | 2 |  2.6
Throwing       | 1 5 7 8 9 10 | 10.5
Maces & Flails | 1 2 4 5 7 9 |  9.7
Fighting       | 5 6 7 9 10 11 12 14 15 16 18 19 21 22 23 24 | 24.0
Dodging        | 3 5 6 7 |  7.8
Armour         | 2 3 4 5 6 7 8 9 10 11 12 | 12.2
Shields        | 5 6 7 8 10 11 12 13 14 15 | 15.9
Spellcasting   | 2 4 5 7 8 9 10 11 12 13 14 | 14.6
Necromancy     | 2 |  2.0
Poison Magic   | 1 4 |  4.9
Summonings     | 3 5 7 9 11 12 13 14 15 | 15.3
Ice Magic      | 2 3 6 7 |  7.5
Conjurations   | 1 2 3 5 |  5.9
Air Magic      | 1 2 3 5 |  5.8

Action                     |  1- 3 |  4- 6 |  7- 9 | 10-12 | 13-15 | 16-18 | 19-21 | 22-24 || total
---------------------------+-------+-------+-------+-------+-------+-------+-------+-------++-------
  Melee: Unarmed           |   131 |       |       |       |       |       |       |       ||   131
         Demon whip        |    10 |    99 |   320 |   563 |   913 |  1161 |  1228 |   335 ||  4629
         Kick              |       |       |       |    33 |   381 |   473 |   542 |   172 ||  1601
         Hand axe          |       |       |       |     9 |     2 |       |       |       ||    11
  Throw: Stone             |     2 |       |     2 |       |    26 |       |       |       ||    30
         Boomerang         |       |       |     4 |    57 |    40 |   324 |    62 |       ||   487
         Dart              |       |       |     6 |     7 |     1 |     5 |       |       ||    19
         Large rock        |       |       |       |       |     7 |       |     1 |       ||     8
         Javelin           |       |       |       |       |     2 |     2 |     2 |     1 ||     7
   Cast: Olgreb's Toxic Ra |       |       |       |     1 |    49 |    30 |    20 |     9 ||   109
         Wereblood         |       |       |       |       |     1 |       |       |       ||     1
         Summon Hydra      |       |       |       |       |       |    45 |    53 |    26 ||   124
         Summon Forest     |       |       |       |       |       |    19 |     1 |       ||    20
         Animate Armour    |       |       |       |       |       |     4 |     1 |       ||     5
         Summon Mana Viper |       |       |       |       |       |       |    41 |     6 ||    47
         Summon Cactus Gia |       |       |       |       |       |       |    43 |     3 ||    46
         Summon Lightning  |       |       |       |       |       |       |    27 |     6 ||    33
 Invoke: Curse Item        |       |       |     3 |     4 |     2 |     1 |     1 |       ||    11
         Shatter the Chain |       |       |       |     1 |       |     1 |     1 |     1 ||     4
  Evoke: Condenser vane    |       |       |       |     1 |       |       |       |       ||     1
         Wand              |       |       |       |       |     2 |       |       |     1 ||     3
         Phantom mirror    |       |       |       |       |       |       |       |     1 ||     1
    Use: Scroll            |     1 |     5 |     7 |     2 |     3 |     5 |    10 |     5 ||    38
         Potion            |     1 |       |       |     4 |     5 |     2 |     4 |     9 ||    25
   Stab: Sleeping          |     2 |       |       |       |     2 |     2 |       |       ||     6
         Petrified         |       |       |       |       |     2 |       |       |       ||     2
         Distracted        |       |       |       |       |       |    10 |     5 |       ||    15
         Betrayed ally     |       |       |       |       |       |     1 |       |       ||     1
         Invisible         |       |       |       |       |       |       |       |     1 ||     1
 Armour: Robe              |    31 |    23 |    59 |    75 |   144 |   156 |    42 |       ||   530
         Troll leather arm |       |       |       |     1 |       |       |       |       ||     1
         Skin              |       |       |       |       |     6 |       |       |       ||     6
         Fire dragon scale |       |       |       |       |       |       |   213 |   152 ||   365
  Dodge: Dodged            |    43 |    33 |    75 |   124 |   250 |   398 |   246 |    81 ||  1250
         Repelled          |       |       |       |     4 |     6 |    29 |    14 |     2 ||    55
  Block: Kite shield       |    50 |    24 |   129 |   275 |   533 |   935 |   734 |   307 ||  2987
